Thunderbirds vs Senators
Created - November 5, 2024 at 20:23
Goals
|
Thunderbirds |
2 |
2 |
1 |
5 |
Senators |
2 |
3 |
1 |
6 |
|
Shots
|
Thunderbirds |
12 |
9 |
9 |
30 |
Senators |
13 |
12 |
4 |
29 |
|
1st period
1. Senators , Arttu Ruotsalainen 2 (Jonas Siegenthaler 3) at 0:54
2. Senators , Marc Michaelis 3 (Christoph Bertschy 6, Carl Grundstrom 3) at 1:59
3. Thunderbirds , Trey Fix-Wolansky 2 (Dylan Blujus 2, Artturi Lehkonen 2) at 8:24 (SH)
4. Thunderbirds , Henri Jokiharju 2 (Jeremy Lauzon 5, Joachim Blichfeld 5) at 17:16
Penalties :
Marc Michaelis (Bel) for Tripping (Minor) at 2:44, Sami Niku (Spr) for Cross-checking (Minor) at 7:06, Joachim Blichfeld (Spr) for Holding Stick (Minor) at 9:50, Logan O'Connor (Bel) for Tripping (Minor) at 12:06
2nd period
5. Senators , C.J Suess 4 (Radek Faksa 10, Kiefer Sherwood 4) at 2:06 (PP)
6. Senators , Logan O'Connor 1 (Vitaly Abramov 3, Christoph Bertschy 7) at 2:38
7. Thunderbirds , Michael Rasmussen 3 (Dylan Sikura 3, Rourke Chartier 8) at 6:54
8. Thunderbirds , Rourke Chartier 3 (Joachim Blichfeld 6, Matt Roy 3) at 15:24
9. Senators , Christoph Bertschy 6 (Marc Michaelis 5, Bryce Kindopp 3) at 16:40
Penalties :
Joachim Blichfeld (Spr) for Interference (Minor) at 0:22, Kiefer Sherwood (Bel) for Hooking (Minor) at 7:07, Anthony Richard (Spr) for Tripping (Minor) at 12:19, C.J Suess (Bel) for Tripping (Minor) at 18:22, Radek Faksa (Bel) for Tripping (Minor) at 19:05
3rd period
10. Senators , Axel Jonsson-Fjallby 3 (Zac Leslie 1) at 2:23
11. Thunderbirds , Joachim Blichfeld 7 (Jeremy Lauzon 6) at 18:13
Penalties :
Dylan Sikura (Spr) for Tripping (Minor) at 8:59, Christoph Bertschy (Bel) for Unsportsmanlike conduct (Minor) at 13:45
Goalie Stats
Magnus Hellberg (Spr), 13 saves from 17 shots - (0.765), 22:38 minutes
Emil Larmi (Spr), 10 saves from 12 shots - (0.833), L, 3-3-0, 36:25 minutes
David Rittich (Bel), 25 saves from 30 shots - (0.833), W, 4-2-0, 60:00 minutes
Players Stats for Thunderbirds
Player Name G A P +/- PIM S H SB GA TA FO MP PP MP PK MP
------------------------------------------------------------------------------------
Anthony Richard 0 0 0 1 2 0 0 0 0 0 8/13 17:23 4:03 3:02
Artturi Lehkonen 0 1 1 1 0 1 1 0 0 0 0/0 8:06 0:00 1:19
Dylan Blujus 0 1 1 3 0 2 2 2 0 0 0/0 19:06 0:00 4:12
Dylan Sikura 0 1 1 1 2 1 0 0 0 0 0/0 13:45 0:00 2:55
Emil Bemstrom 0 0 0 -3 0 2 1 0 1 0 0/0 12:11 4:03 0:00
Frederic Allard 0 0 0 1 0 0 0 0 0 1 0/0 13:13 0:00 3:57
Henri Jokiharju 1 0 1 -3 0 3 1 2 0 0 0/0 24:12 3:32 5:28
Jeremy Lauzon 0 2 2 -3 0 2 2 1 2 0 0/0 29:29 7:06 5:28
Joachim Blichfeld 1 2 3 1 4 6 1 0 3 3 1/1 20:44 6:35 0:00
Matt Roy 0 1 1 2 0 0 1 2 0 0 0/0 17:18 3:32 0:15
Michael Rasmussen 1 0 1 1 0 1 1 0 1 0 0/0 17:38 6:27 0:00
Paul Cotter 0 0 0 -3 0 0 1 0 0 0 0/0 12:11 4:03 0:00
Pierre Engvall 0 0 0 1 0 1 1 0 0 1 0/2 17:52 0:00 5:03
Rasmus Kupari 0 0 0 0 0 0 0 0 0 0 0/2 7:13 0:00 0:27
Rourke Chartier 1 1 2 1 0 9 2 0 1 0 14/31 20:29 6:35 0:00
Sami Niku 0 0 0 0 2 1 0 1 0 0 0/0 16:51 7:06 0:00
Trent Frederic 0 0 0 -3 0 0 0 0 0 1 7/13 13:45 0:08 4:51
Trey Fix-Wolansky 1 0 1 1 0 1 1 0 0 0 0/1 8:49 0:00 1:43
Players Stats for Senators
Player Name G A P +/- PIM S H SB GA TA FO MP PP MP PK MP
------------------------------------------------------------------------------------
Alec Regula 0 0 0 2 0 0 0 0 0 0 0/0 2:26 0:00 0:00
Arttu Ruotsalainen 1 0 1 1 0 1 2 0 0 0 2/5 10:44 0:05 0:30
Axel Jonsson-Fjallby 1 0 1 0 0 1 0 0 0 0 0/0 6:01 0:00 0:00
Bryce Kindopp 0 1 1 0 0 0 1 0 0 0 0/0 6:01 0:00 0:00
C.J Suess 1 0 1 -1 2 3 3 0 1 1 1/1 23:07 5:59 4:51
Carl Grundstrom 0 1 1 0 0 1 2 0 1 0 0/2 14:52 3:36 0:00
Christoph Bertschy 1 2 3 0 2 3 3 0 0 0 11/17 18:14 3:36 2:45
Gustav Forsling 0 0 0 -2 0 1 1 0 0 0 0/0 7:41 0:00 0:00
Jesse Graham 0 0 0 -1 0 1 1 3 1 0 0/0 28:13 6:27 6:07
Jett Woo 0 0 0 2 0 0 0 0 0 0 0/0 2:26 0:00 0:00
Jonas Siegenthaler 0 1 1 1 0 0 1 0 0 2 0/0 21:40 3:13 4:31
Kiefer Sherwood 0 1 1 -1 2 6 1 0 0 0 3/5 21:45 5:59 3:27
Logan O'Connor 1 0 1 1 2 3 1 0 1 0 1/2 9:46 0:05 0:00
Marc Michaelis 1 1 2 0 2 2 0 1 0 1 0/0 17:30 3:36 2:47
Martin Fehervary 0 0 0 -2 0 0 0 0 0 1 0/0 7:41 0:00 0:00
Mason Geertsen 0 0 0 1 0 2 3 0 0 1 0/0 21:40 3:13 4:31
Radek Faksa 0 1 1 -1 2 2 0 0 2 1 13/28 23:18 5:59 5:08
Tyler Angle 0 0 0 0 0 0 1 0 0 0 2/3 6:01 0:00 0:00
Vitaly Abramov 0 1 1 1 0 3 1 0 0 0 0/0 10:41 0:05 0:31
Zac Leslie 0 1 1 -1 0 0 1 2 0 1 0/0 28:13 6:27 6:07
3 Stars
1 - Christoph Bertschy (Bel)
2 - Rourke Chartier (Spr)
3 - Arttu Ruotsalainen (Bel)
Power Play
Thunderbirds - 0 on 6 Attempt(s) - 0.00%
Senators - 1 on 5 Attempt(s) - 20.00%
Penalty Kill
Thunderbirds - 4 on 5 Attempt(s) - 80.00%
- Score 1 goal in Penalty Kill
Senators - 6 on 6 Attempt(s) - 100.00%
- Score 0 goal in Penalty Kill
Team Stat
Thunderbirds - Hits : 15 - Faceoff Wins : 30 - Blocked Shots : 8 - Penalty Minutes : 10
Senators - Hits : 22 - Faceoff Wins : 33 - Blocked Shots : 6 - Penalty Minutes : 12
Official
Referees : Ian Walsh and Michael Markovic
Linesman : Bevan Mills and Derek Nansen
Game Notes
6:45 of 1st period - Senators goal is going for a video replay. After video review, No Goal. The attacking player has interfered with a goalkeeper in his goal crease.
Emil Larmi enters game at 2:38 of 2nd period
Finance
Level 1 -- Attendance: 1892 (94.60%) -- Ticket Income $132,440
Level 2 -- Attendance: 996 (99.60%) -- Ticket Income $39,840
Total Attendance: 2888 (96.27%)
Total Ticket Income: $172,280
Other Income: $8,614
Total Income: $180,894
Thunderbirds
5 vs 5 Forward
Center Left Wing Right Wing Time % Phy DF OF
1 Rourke Chartier Pierre Engvall Joachim Blichfeld 40 1 2 2
2 Anthony Richard Michael Rasmussen Dylan Sikura 30 1 2 2
3 Trent Frederic Paul Cotter Emil Bemstrom 20 1 2 2
4 Rasmus Kupari Artturi Lehkonen Trey Fix-Wolansky 10 1 2 2
5 vs 5 Defense
Defense Defense Time % Phy DF OF
1 Jeremy Lauzon Henri Jokiharju 40 1 2 2
2 Dylan Blujus Matt Roy 30 1 2 2
3 Frederic Allard Sami Niku 20 1 2 2
4 Jeremy Lauzon Dylan Blujus 10 1 2 2
PowerPlay Forward
Center Left Wing Right Wing Time % Phy DF OF
1 Rourke Chartier Michael Rasmussen Joachim Blichfeld 60 1 2 2
2 Anthony Richard Paul Cotter Emil Bemstrom 40 1 2 2
PowerPlay Defense
Defense Defense Time % Phy DF OF
1 Sami Niku Jeremy Lauzon 60 1 2 2
2 Matt Roy Henri Jokiharju 40 1 2 2
Penalty Kill 4 Players Forward
Center Wing Time % Phy DF OF
1 Trent Frederic Pierre Engvall 60 1 2 2
2 Anthony Richard Dylan Sikura 40 1 2 2
Penalty Kill 4 Players Defense
Defense Defense Time % Phy DF OF
1 Henri Jokiharju Jeremy Lauzon 60 1 2 2
2 Dylan Blujus Frederic Allard 40 1 2 2
Penalty Kill - 3 Players Forward
Forward Time % Phy DF OF
1 Trent Frederic 60 1 2 2
2 Anthony Richard 40 1 2 2
Penalty Kill - 3 Players Defense
Defense Defense Time % Phy DF OF
1 Dylan Blujus Henri Jokiharju 60 1 2 2
2 Jeremy Lauzon Frederic Allard 40 1 2 2
4 vs 4 Forward
Center Wing Time % Phy DF OF
1 Rourke Chartier Michael Rasmussen 60 1 2 2
2 Anthony Richard Artturi Lehkonen 40 1 2 2
4 vs 4 Defense
Defense Defense Time % Phy DF OF
1 Henri Jokiharju Dylan Blujus 60 1 2 2
2 Matt Roy Jeremy Lauzon 40 1 2 2
Last Minutes Offensive
Center Left Wing Right Wing Defense Defense
Rourke Chartier Michael Rasmussen Joachim Blichfeld Jeremy Lauzon Sami Niku
Last Minutes Defensive
Center Left Wing Right Wing Defense Defense
Trent Frederic Pierre Engvall Dylan Sikura Henri Jokiharju Frederic Allard
Goaltenders
Starting : Magnus Hellberg
Backup : Emil Larmi
Extra Forwards
Normal : Rasmus Kupari, Dylan Sikura, Trey Fix-Wolansky - PP : Trent Frederic, Artturi Lehkonen - PK : Trey Fix-Wolansky
Extra Defensemen
Normal : Frederic Allard, Sami Niku, Jeremy Lauzon - PP : Sami Niku - PK : Frederic Allard, Dylan Blujus
Penalty Shots
Rourke Chartier, Anthony Richard, Joachim Blichfeld, Trey Fix-Wolansky, Rasmus Kupari
Custom OT Lines Forwards
Rourke Chartier, Pierre Engvall, Dylan Sikura, Joachim Blichfeld, Anthony Richard, Trent Frederic, Artturi Lehkonen, Michael Rasmussen, Emil Bemstrom, Paul Cotter
Custom OT Lines Defensemen
Jeremy Lauzon, Henri Jokiharju, Dylan Blujus, Frederic Allard, Matt Roy
Scratches
Nathan Smith (Healthy), Calen Addison (Healthy), Alex Vlasic (Healthy), Rafael Harvey-Pinard (Healthy), Nicholas Robertson (Healthy)
Arturs Silovs (Healthy)
Senators
5 vs 5 Forward
Center Left Wing Right Wing Time % Phy DF OF
1 Radek Faksa C.J Suess Kiefer Sherwood 35 0 2 3
2 Christoph Bertschy Marc Michaelis Carl Grundstrom 35 1 2 2
3 Arttu Ruotsalainen Vitaly Abramov Logan O'Connor 20 1 2 2
4 Tyler Angle Axel Jonsson-Fjallby Bryce Kindopp 10 1 2 2
5 vs 5 Defense
Defense Defense Time % Phy DF OF
1 Zac Leslie Jesse Graham 35 0 2 3
2 Jonas Siegenthaler Mason Geertsen 35 1 2 2
3 Martin Fehervary Gustav Forsling 20 1 2 2
4 Alec Regula Jett Woo 10 1 2 2
PowerPlay Forward
Center Left Wing Right Wing Time % Phy DF OF
1 Radek Faksa C.J Suess Kiefer Sherwood 60 0 0 5
2 Christoph Bertschy Marc Michaelis Carl Grundstrom 40 0 0 5
PowerPlay Defense
Defense Defense Time % Phy DF OF
1 Zac Leslie Jesse Graham 60 0 0 5
2 Jonas Siegenthaler Mason Geertsen 40 0 0 5
Penalty Kill 4 Players Forward
Center Wing Time % Phy DF OF
1 Radek Faksa C.J Suess 60 1 3 1
2 Christoph Bertschy Marc Michaelis 40 1 3 1
Penalty Kill 4 Players Defense
Defense Defense Time % Phy DF OF
1 Zac Leslie Jesse Graham 60 1 3 1
2 Jonas Siegenthaler Mason Geertsen 40 1 3 1
Penalty Kill - 3 Players Forward
Forward Time % Phy DF OF
1 Radek Faksa 60 1 3 1
2 Christoph Bertschy 40 1 3 1
Penalty Kill - 3 Players Defense
Defense Defense Time % Phy DF OF
1 Zac Leslie Jesse Graham 60 1 3 1
2 Jonas Siegenthaler Mason Geertsen 40 1 3 1
4 vs 4 Forward
Center Wing Time % Phy DF OF
1 Radek Faksa C.J Suess 60 1 2 2
2 Christoph Bertschy Marc Michaelis 40 1 2 2
4 vs 4 Defense
Defense Defense Time % Phy DF OF
1 Zac Leslie Jesse Graham 60 1 2 2
2 Jonas Siegenthaler Mason Geertsen 40 1 2 2
Last Minutes Offensive
Center Left Wing Right Wing Defense Defense
Radek Faksa C.J Suess Kiefer Sherwood Zac Leslie Jesse Graham
Last Minutes Defensive
Center Left Wing Right Wing Defense Defense
Radek Faksa C.J Suess Kiefer Sherwood Zac Leslie Jesse Graham
Goaltenders
Starting : David Rittich
Backup : Arvid Soderblom
Extra Forwards
Normal : Kiefer Sherwood, Carl Grundstrom, Logan O'Connor - PP : Kiefer Sherwood, Carl Grundstrom - PK : Kiefer Sherwood
Extra Defensemen
Normal : Gustav Forsling, Alec Regula, Jett Woo - PP : Gustav Forsling - PK : Gustav Forsling, Alec Regula
Penalty Shots
Radek Faksa, Christoph Bertschy, C.J Suess, Marc Michaelis, Kiefer Sherwood
Custom OT Lines Forwards
Radek Faksa, Christoph Bertschy, C.J Suess, Marc Michaelis, Kiefer Sherwood, Carl Grundstrom, Logan O'Connor, Vitaly Abramov, Axel Jonsson-Fjallby, Arttu Ruotsalainen
Custom OT Lines Defensemen
Zac Leslie, Jesse Graham, Jonas Siegenthaler, Mason Geertsen, Martin Fehervary
Scratches
Anton Karlsson (Healthy), Akil Thomas (Healthy), Ivan Morozov (Healthy), Cliff Pu (Healthy), Adam Mascherin (Healthy)
Olivier Rodrigue (Healthy)
% Time on Ice - Thunderbirds
Lines # - Real PCT - Wanted PCT - Time Play
Normal Forward
1 - 36% - 40% - 13:48
2 - 27% - 30% - 10:36
3 - 21% - 20% - 8:02
4 - 16% - 10% - 6:14
Normal Defense
1 - 43% - 40% - 16:42
2 - 34% - 30% - 13:10
3 - 20% - 20% - 7:52
4 - 2% - 10% - 0:56
PP Forward
1 - 62% - 60% - 6:35
2 - 38% - 40% - 4:03
PP Defense
1 - 67% - 60% - 7:06
2 - 33% - 40% - 3:32
PK Forward
1 - 66% - 60% - 6:23
2 - 34% - 40% - 3:17
PK Defense
1 - 59% - 60% - 5:43
2 - 41% - 40% - 3:57
PK3 Forward
1 - 0% - 60%
2 - 0% - 40%
PK3 Defense
1 - 0% - 60%
2 - 0% - 40%
44 Forward
1 - 0% - 60%
2 - 0% - 40%
44 Defense
1 - 0% - 60%
2 - 0% - 40%
Last Minute Offensive - 1:02
Last Minute Defensive - 0:00
Total
Forward - 60:00
Defense - 60:00
|
% Time on Ice - Senators
Lines # - Real PCT - Wanted PCT - Time Play
Normal Forward
1 - 31% - 35% - 11:55
2 - 29% - 35% - 11:19
3 - 24% - 20% - 9:22
4 - 16% - 10% - 6:01
Normal Defense
1 - 38% - 35% - 14:34
2 - 36% - 35% - 13:56
3 - 20% - 20% - 7:41
4 - 6% - 10% - 2:26
PP Forward
1 - 63% - 60% - 6:04
2 - 37% - 40% - 3:36
PP Defense
1 - 67% - 60% - 6:27
2 - 33% - 40% - 3:13
PK Forward
1 - 75% - 60% - 6:59
2 - 25% - 40% - 2:23
PK Defense
1 - 60% - 60% - 5:36
2 - 40% - 40% - 3:46
PK3 Forward
1 - 100% - 60% - 1:16
2 - 0% - 40% - 0:00
PK3 Defense
1 - 41% - 60% - 0:31
2 - 59% - 40% - 0:45
44 Forward
1 - 0% - 60%
2 - 0% - 40%
44 Defense
1 - 0% - 60%
2 - 0% - 40%
Last Minute Offensive - 0:00
Last Minute Defensive - 1:05
Total
Forward - 60:00
Defense - 60:00
|
Play-by-Play
1st period
0:01 of 1st period - Rourke Chartier wins face-off versus Radek Faksa in neutral zone.
0:04 of 1st period - Snap shot by Joachim Blichfeld.
0:04 of 1st period - Stopped by David Rittich with a rebound.
0:06 of 1st period - Wrist shot by Rourke Chartier.
0:06 of 1st period - Stopped by David Rittich without a rebound.
0:07 of 1st period - Rourke Chartier wins face-off versus Kiefer Sherwood in Senators zone.
0:24 of 1st period - Wrist shot by Joachim Blichfeld.
0:24 of 1st period - Deflect By Rourke Chartier.
0:24 of 1st period - Stopped by David Rittich without a rebound.
0:25 of 1st period - Anthony Richard wins face-off versus Christoph Bertschy in Senators zone.
0:28 of 1st period - Snap shot by Dylan Sikura.
0:28 of 1st period - Shot Misses the Net.
0:54 of 1st period - Snap shot by Arttu Ruotsalainen.
0:54 of 1st period - Goal by Arttu Ruotsalainen - Thunderbirds : 0 - Senators : 1.
0:55 of 1st period - Tyler Angle wins face-off versus Rasmus Kupari in neutral zone.
1:20 of 1st period - Paul Cotter is hit by Gustav Forsling and loses puck.
1:45 of 1st period - Slapshot by Emil Bemstrom.
1:45 of 1st period - Stopped by David Rittich without a rebound.
1:46 of 1st period - Christoph Bertschy wins face-off versus Rourke Chartier in Senators zone.
1:59 of 1st period - Wrist shot by Christoph Bertschy.
1:59 of 1st period - Deflect By Marc Michaelis.
1:59 of 1st period - Goal by Marc Michaelis - Thunderbirds : 0 - Senators : 2.
2:00 of 1st period - Anthony Richard wins face-off versus Radek Faksa in neutral zone.
2:44 of 1st period - Minor Penalty to Marc Michaelis for Tripping.
2:45 of 1st period - Radek Faksa wins face-off versus Rourke Chartier in Senators zone.
4:44 of 1st period - Penalty to Marc Michaelis is over, Marc Michaelis is back on ice.
5:59 of 1st period - Icing by Matt Roy.
6:00 of 1st period - Anthony Richard wins face-off versus Tyler Angle in Thunderbirds zone.
6:41 of 1st period - Snap shot by Vitaly Abramov.
6:41 of 1st period - Shot Misses the Net.
6:45 of 1st period - Wrist shot by Vitaly Abramov.
6:45 of 1st period - Senators goal is going for a video replay.
6:45 of 1st period - The goal is refused. The attacking player has interfered with a goalkeeper in his goal crease..
6:46 of 1st period - Rourke Chartier wins face-off versus Carl Grundstrom in Thunderbirds zone.
7:06 of 1st period - Minor Penalty to Sami Niku for Cross-checking.
7:07 of 1st period - Radek Faksa wins face-off versus Trent Frederic in Thunderbirds zone.
7:11 of 1st period - Wrist shot by C.J Suess.
7:11 of 1st period - Shot Misses the Net.
7:13 of 1st period - Slapshot by Kiefer Sherwood.
7:13 of 1st period - Shot Misses the Net.
7:15 of 1st period - Snap shot by C.J Suess.
7:15 of 1st period - Shot Misses the Net.
7:17 of 1st period - Snap shot by Kiefer Sherwood.
7:17 of 1st period - Stopped by Magnus Hellberg with a rebound.
7:19 of 1st period - Snap shot by Zac Leslie.
7:19 of 1st period - Shot Misses the Net.
7:43 of 1st period - Snap shot by Christoph Bertschy.
7:43 of 1st period - Shot Blocked by Jeremy Lauzon.
8:15 of 1st period - Marc Michaelis is hit by Trey Fix-Wolansky and loses puck.
8:20 of 1st period - Snap shot by Artturi Lehkonen.
8:20 of 1st period - Stopped by David Rittich with a rebound.
8:22 of 1st period - Snap shot by Dylan Blujus.
8:22 of 1st period - Stopped by David Rittich with a rebound.
8:24 of 1st period - Slapshot by Trey Fix-Wolansky.
8:24 of 1st period - Goal by Trey Fix-Wolansky - Thunderbirds : 1 - Senators : 2.
8:25 of 1st period - Trent Frederic wins face-off versus Radek Faksa in neutral zone.
8:58 of 1st period - Jeremy Lauzon is hit by C.J Suess and loses puck.
9:03 of 1st period - Backhand shot by Kiefer Sherwood.
9:03 of 1st period - Stopped by Magnus Hellberg without a rebound.
9:04 of 1st period - Trent Frederic wins face-off versus Carl Grundstrom in Thunderbirds zone.
9:04 of 1st period - Trent Frederic is hit by Carl Grundstrom.
9:06 of 1st period - Penalty to Sami Niku is over, Sami Niku is back on ice.
9:10 of 1st period - Pierre Engvall is hit by Christoph Bertschy and loses puck.
9:15 of 1st period - Wrist shot by Christoph Bertschy.
9:15 of 1st period - Stopped by Magnus Hellberg without a rebound.
9:16 of 1st period - Rourke Chartier wins face-off versus Christoph Bertschy in Thunderbirds zone.
9:23 of 1st period - Snap shot by Rourke Chartier.
9:23 of 1st period - Stopped by David Rittich without a rebound.
9:24 of 1st period - Christoph Bertschy wins face-off versus Rourke Chartier in Senators zone.
9:50 of 1st period - Minor Penalty to Joachim Blichfeld for Holding Stick.
9:51 of 1st period - Radek Faksa wins face-off versus Trent Frederic in Thunderbirds zone.
9:51 of 1st period - Snap shot by Kiefer Sherwood.
9:51 of 1st period - Stopped by Magnus Hellberg with a rebound.
9:53 of 1st period - Slapshot by Jesse Graham.
9:53 of 1st period - Shot Blocked by Henri Jokiharju.
9:55 of 1st period - Snap shot by Kiefer Sherwood.
9:55 of 1st period - Stopped by Magnus Hellberg without a rebound.
9:56 of 1st period - Radek Faksa wins face-off versus Trent Frederic in Thunderbirds zone.
11:31 of 1st period - Frederic Allard is hit by Christoph Bertschy and loses puck.
11:50 of 1st period - Penalty to Joachim Blichfeld is over, Joachim Blichfeld is back on ice.
12:06 of 1st period - Minor Penalty to Logan O'Connor for Tripping.
12:07 of 1st period - Rourke Chartier wins face-off versus Radek Faksa in Senators zone.
12:12 of 1st period - Wrist shot by Rourke Chartier.
12:12 of 1st period - Shot Misses the Net.
12:14 of 1st period - Slapshot by Sami Niku.
12:14 of 1st period - Shot Misses the Net.
12:21 of 1st period - Wrist shot by Rourke Chartier.
12:21 of 1st period - Stopped by David Rittich without a rebound.
12:22 of 1st period - Rourke Chartier wins face-off versus Radek Faksa in Senators zone.
12:27 of 1st period - Wrist shot by Rourke Chartier.
12:27 of 1st period - Shot Blocked by Jesse Graham.
12:51 of 1st period - Wrist shot by Anthony Richard.
12:51 of 1st period - Shot Misses the Net.
14:06 of 1st period - Penalty to Logan O'Connor is over, Logan O'Connor is back on ice.
15:13 of 1st period - Snap shot by Logan O'Connor.
15:13 of 1st period - Stopped by Magnus Hellberg without a rebound.
15:14 of 1st period - Arttu Ruotsalainen wins face-off versus Trent Frederic in Thunderbirds zone.
15:17 of 1st period - Snap shot by Vitaly Abramov.
15:17 of 1st period - Stopped by Magnus Hellberg with a rebound.
15:19 of 1st period - Wrist shot by Arttu Ruotsalainen.
15:19 of 1st period - Shot Blocked by Henri Jokiharju.
15:27 of 1st period - Slapshot by Vitaly Abramov.
15:27 of 1st period - Shot Misses the Net.
15:38 of 1st period - Off-side.
15:39 of 1st period - Rourke Chartier wins face-off versus Radek Faksa in neutral zone.
16:04 of 1st period - Marc Michaelis is hit by Dylan Blujus.
16:10 of 1st period - Slapshot by Carl Grundstrom.
16:10 of 1st period - Shot Blocked by Dylan Blujus.
16:12 of 1st period - Slapshot by Jonas Siegenthaler.
16:12 of 1st period - Shot Blocked by Dylan Blujus.
16:14 of 1st period - Slapshot by Mason Geertsen.
16:14 of 1st period - Stopped by Magnus Hellberg with a rebound.
16:30 of 1st period - Trent Frederic is hit by Jonas Siegenthaler and loses puck.
16:56 of 1st period - Wrist shot by Radek Faksa.
16:56 of 1st period - Stopped by Magnus Hellberg with a rebound.
17:14 of 1st period - Slapshot by Jeremy Lauzon.
17:14 of 1st period - Deflect By Marc Michaelis.
17:14 of 1st period - Stopped by David Rittich with a rebound.
17:16 of 1st period - Wrist shot by Henri Jokiharju.
17:16 of 1st period - Goal by Henri Jokiharju - Thunderbirds : 2 - Senators : 2.
17:17 of 1st period - Radek Faksa wins face-off versus Rourke Chartier in neutral zone.
17:28 of 1st period - Snap shot by Rourke Chartier.
17:28 of 1st period - Stopped by David Rittich without a rebound.
17:29 of 1st period - Anthony Richard wins face-off versus Radek Faksa in Senators zone.
17:54 of 1st period - Christoph Bertschy is hit by Pierre Engvall and loses puck.
18:37 of 1st period - Dylan Blujus is hit by Mason Geertsen and loses puck.
18:58 of 1st period - Snap shot by Gustav Forsling.
18:58 of 1st period - Stopped by Magnus Hellberg without a rebound.
18:59 of 1st period - Tyler Angle wins face-off versus Anthony Richard in Thunderbirds zone.
19:46 of 1st period - Wrist shot by Vitaly Abramov.
19:46 of 1st period - Shot Blocked by Matt Roy.
Goals for this period are 2 for Thunderbirds vs 2 for Senators.
Shots for this period are 12 for Thunderbirds vs 13 for Senators.
2nd period
0:01 of 2nd period - Radek Faksa wins face-off versus Rourke Chartier in neutral zone.
0:16 of 2nd period - Snap shot by Kiefer Sherwood.
0:16 of 2nd period - Stopped by Magnus Hellberg with a rebound.
0:22 of 2nd period - Minor Penalty to Joachim Blichfeld for Interference.
0:23 of 2nd period - Trent Frederic wins face-off versus Radek Faksa in Thunderbirds zone.
0:28 of 2nd period - Snap shot by Jeremy Lauzon.
0:28 of 2nd period - Shot Misses the Net.
0:30 of 2nd period - Slapshot by Henri Jokiharju.
0:30 of 2nd period - Stopped by David Rittich without a rebound.
0:31 of 2nd period - Radek Faksa wins face-off versus Trent Frederic in Senators zone.
0:42 of 2nd period - Slapshot by Jesse Graham.
0:42 of 2nd period - Stopped by Magnus Hellberg with a rebound.
0:48 of 2nd period - Slapshot by Jeremy Lauzon.
0:48 of 2nd period - Shot Blocked by Jesse Graham.
2:06 of 2nd period - Snap shot by C.J Suess.
2:06 of 2nd period - Goal by C.J Suess - Thunderbirds : 2 - Senators : 3.
2:07 of 2nd period - Christoph Bertschy wins face-off versus Pierre Engvall in neutral zone.
2:09 of 2nd period - Off-side.
2:10 of 2nd period - Christoph Bertschy wins face-off versus Rourke Chartier in neutral zone.
2:38 of 2nd period - Snap shot by Logan O'Connor.
2:38 of 2nd period - Goal by Logan O'Connor - Thunderbirds : 2 - Senators : 4.
2:38 of 2nd period - Emil Larmi enters game.
2:39 of 2nd period - Christoph Bertschy wins face-off versus Rourke Chartier in neutral zone.
2:44 of 2nd period - Slapshot by Zac Leslie.
2:44 of 2nd period - Deflect By Carl Grundstrom.
2:44 of 2nd period - Stopped by Emil Larmi with a rebound.
3:51 of 2nd period - Mason Geertsen is hit by Dylan Blujus and loses puck.
4:20 of 2nd period - Snap shot by Joachim Blichfeld.
4:20 of 2nd period - Shot Misses the Net.
4:30 of 2nd period - Michael Rasmussen is hit by Mason Geertsen.
5:08 of 2nd period - Mason Geertsen is hit by Jeremy Lauzon and loses puck.
5:31 of 2nd period - Snap shot by Rourke Chartier.
5:31 of 2nd period - Shot Blocked by Zac Leslie.
5:33 of 2nd period - Wrist shot by Jeremy Lauzon.
5:33 of 2nd period - Shot Blocked by Marc Michaelis.
5:35 of 2nd period - Wrist shot by Pierre Engvall.
5:35 of 2nd period - Shot Hit the Post.
5:37 of 2nd period - Snap shot by Pierre Engvall.
5:37 of 2nd period - Stopped by David Rittich without a rebound.
5:38 of 2nd period - Radek Faksa wins face-off versus Anthony Richard in Senators zone.
5:47 of 2nd period - Wrist shot by C.J Suess.
5:47 of 2nd period - Shot Misses the Net.
6:11 of 2nd period - Snap shot by C.J Suess.
6:11 of 2nd period - Stopped by Emil Larmi with a rebound.
6:19 of 2nd period - Wrist shot by C.J Suess.
6:19 of 2nd period - Stopped by Emil Larmi without a rebound.
6:20 of 2nd period - Christoph Bertschy wins face-off versus Rourke Chartier in Thunderbirds zone.
6:52 of 2nd period - Slapshot by Dylan Sikura.
6:52 of 2nd period - Stopped by David Rittich with a rebound.
6:54 of 2nd period - Snap shot by Michael Rasmussen.
6:54 of 2nd period - Goal by Michael Rasmussen - Thunderbirds : 3 - Senators : 4.
6:55 of 2nd period - C.J Suess wins face-off versus Rourke Chartier in neutral zone.
6:59 of 2nd period - Jesse Graham is hit by Henri Jokiharju and loses puck.
7:07 of 2nd period - Minor Penalty to Kiefer Sherwood for Hooking.
7:08 of 2nd period - Radek Faksa wins face-off versus Rourke Chartier in Senators zone.
7:22 of 2nd period - Snap shot by Joachim Blichfeld.
7:22 of 2nd period - Stopped by David Rittich without a rebound.
7:23 of 2nd period - Radek Faksa wins face-off versus Rourke Chartier in Senators zone.
7:48 of 2nd period - Jesse Graham is hit by Paul Cotter and loses puck.
9:07 of 2nd period - Penalty to Kiefer Sherwood is over, Kiefer Sherwood is back on ice.
9:15 of 2nd period - Arttu Ruotsalainen is hit by Artturi Lehkonen and loses puck.
9:24 of 2nd period - Snap shot by Trey Fix-Wolansky.
9:24 of 2nd period - Shot Misses the Net.
10:20 of 2nd period - Snap shot by Christoph Bertschy.
10:20 of 2nd period - Shot Blocked by Matt Roy.
10:26 of 2nd period - Dylan Blujus is hit by Christoph Bertschy and loses puck.
10:58 of 2nd period - Slapshot by Radek Faksa.
10:58 of 2nd period - Stopped by Emil Larmi with a rebound.
11:25 of 2nd period - Icing by Mason Geertsen.
11:26 of 2nd period - Rourke Chartier wins face-off versus Arttu Ruotsalainen in Senators zone.
11:57 of 2nd period - Slapshot by Christoph Bertschy.
11:57 of 2nd period - Stopped by Emil Larmi without a rebound.
11:58 of 2nd period - Anthony Richard wins face-off versus Radek Faksa in Thunderbirds zone.
12:09 of 2nd period - Slapshot by Kiefer Sherwood.
12:09 of 2nd period - Stopped by Emil Larmi with a rebound.
12:19 of 2nd period - Minor Penalty to Anthony Richard for Tripping.
12:20 of 2nd period - Radek Faksa wins face-off versus Trent Frederic in Thunderbirds zone.
12:33 of 2nd period - Slapshot by Radek Faksa.
12:33 of 2nd period - Shot Misses the Net.
13:20 of 2nd period - Trey Fix-Wolansky is hit by Kiefer Sherwood and loses puck.
14:19 of 2nd period - Penalty to Anthony Richard is over, Anthony Richard is back on ice.
14:20 of 2nd period - Icing by Matt Roy.
14:21 of 2nd period - Christoph Bertschy wins face-off versus Trey Fix-Wolansky in Thunderbirds zone.
14:42 of 2nd period - Dylan Blujus is hit by Mason Geertsen and loses puck.
15:07 of 2nd period - Dylan Blujus is hit by Tyler Angle and loses puck.
15:24 of 2nd period - Snap shot by Rourke Chartier.
15:24 of 2nd period - Goal by Rourke Chartier - Thunderbirds : 4 - Senators : 4.
15:25 of 2nd period - Anthony Richard wins face-off versus Christoph Bertschy in neutral zone.
15:25 of 2nd period - Anthony Richard is hit by Carl Grundstrom.
15:29 of 2nd period - Marc Michaelis is hit by Jeremy Lauzon and loses puck.
15:38 of 2nd period - Snap shot by Marc Michaelis.
15:38 of 2nd period - Stopped by Emil Larmi with a rebound.
15:52 of 2nd period - C.J Suess is hit by Rourke Chartier and loses puck.
16:40 of 2nd period - Wrist shot by Christoph Bertschy.
16:40 of 2nd period - Goal by Christoph Bertschy - Thunderbirds : 4 - Senators : 5.
16:41 of 2nd period - Christoph Bertschy wins face-off versus Rourke Chartier in neutral zone.
16:55 of 2nd period - Snap shot by Rourke Chartier.
16:55 of 2nd period - Shot Misses the Net.
16:57 of 2nd period - Wrist shot by Joachim Blichfeld.
16:57 of 2nd period - Stopped by David Rittich without a rebound.
16:58 of 2nd period - Anthony Richard wins face-off versus Radek Faksa in Senators zone.
17:46 of 2nd period - Emil Bemstrom is hit by Arttu Ruotsalainen.
18:22 of 2nd period - Minor Penalty to C.J Suess for Tripping.
18:23 of 2nd period - Radek Faksa wins face-off versus Rourke Chartier in Senators zone.
18:48 of 2nd period - Jesse Graham is hit by Emil Bemstrom and loses puck.
18:55 of 2nd period - Snap shot by Anthony Richard.
18:55 of 2nd period - Shot Misses the Net.
19:05 of 2nd period - Minor Penalty to Radek Faksa for Tripping.
19:06 of 2nd period - Rourke Chartier wins face-off versus Kiefer Sherwood in Senators zone.
19:09 of 2nd period - Wrist shot by Joachim Blichfeld.
19:09 of 2nd period - Stopped by David Rittich with a rebound.
19:11 of 2nd period - Wrist shot by Jeremy Lauzon.
19:11 of 2nd period - Deflect By Mason Geertsen.
19:11 of 2nd period - Stopped by David Rittich without a rebound.
19:12 of 2nd period - Kiefer Sherwood wins face-off versus Rourke Chartier in Senators zone.
Goals for this period are 2 for Thunderbirds vs 3 for Senators.
Shots for this period are 9 for Thunderbirds vs 12 for Senators.
3rd period
0:01 of 3rd period - Kiefer Sherwood wins face-off versus Rourke Chartier in neutral zone.
0:22 of 3rd period - Penalty to C.J Suess is over, C.J Suess is back on ice.
0:30 of 3rd period - Icing by Henri Jokiharju.
0:31 of 3rd period - Christoph Bertschy wins face-off versus Anthony Richard in Thunderbirds zone.
0:36 of 3rd period - Wrist shot by Christoph Bertschy.
0:36 of 3rd period - Shot Misses the Net.
0:38 of 3rd period - Slapshot by Mason Geertsen.
0:38 of 3rd period - Shot Misses the Net.
0:40 of 3rd period - Slapshot by Mason Geertsen.
0:40 of 3rd period - Stopped by Emil Larmi without a rebound.
0:41 of 3rd period - Kiefer Sherwood wins face-off versus Rourke Chartier in Thunderbirds zone.
0:58 of 3rd period - Slapshot by Jeremy Lauzon.
0:58 of 3rd period - Shot Misses the Net.
1:05 of 3rd period - Penalty to Radek Faksa is over, Radek Faksa is back on ice.
1:20 of 3rd period - Wrist shot by Emil Bemstrom.
1:20 of 3rd period - Shot Misses the Net.
1:28 of 3rd period - Snap shot by C.J Suess.
1:28 of 3rd period - Shot Misses the Net.
1:32 of 3rd period - Slapshot by Radek Faksa.
1:32 of 3rd period - Deflect By Christoph Bertschy.
1:32 of 3rd period - Shot Misses the Net.
1:32 of 3rd period - Puck is out of play.
1:33 of 3rd period - Arttu Ruotsalainen wins face-off versus Rasmus Kupari in Thunderbirds zone.
1:36 of 3rd period - Backhand shot by Logan O'Connor.
1:36 of 3rd period - Shot Misses the Net.
1:46 of 3rd period - Slapshot by Vitaly Abramov.
1:46 of 3rd period - Stopped by Emil Larmi with a rebound.
2:00 of 3rd period - Jonas Siegenthaler is hit by Matt Roy and loses puck.
2:23 of 3rd period - Slapshot by Zac Leslie.
2:23 of 3rd period - Deflect By Axel Jonsson-Fjallby.
2:23 of 3rd period - Goal by Axel Jonsson-Fjallby - Thunderbirds : 4 - Senators : 6.
2:24 of 3rd period - Rourke Chartier wins face-off versus Christoph Bertschy in neutral zone.
2:57 of 3rd period - Zac Leslie is hit by Michael Rasmussen and loses puck.
3:06 of 3rd period - Matt Roy is hit by Jesse Graham and loses puck.
3:25 of 3rd period - Snap shot by Emil Bemstrom.
3:25 of 3rd period - Shot Misses the Net.
3:27 of 3rd period - Slapshot by Dylan Blujus.
3:27 of 3rd period - Shot Misses the Net.
3:45 of 3rd period - Artturi Lehkonen is hit by Bryce Kindopp and loses puck.
4:25 of 3rd period - Snap shot by Rasmus Kupari.
4:25 of 3rd period - Deflect By Radek Faksa.
4:25 of 3rd period - Shot Misses the Net.
4:25 of 3rd period - Puck is out of play.
4:26 of 3rd period - Joachim Blichfeld wins face-off versus Christoph Bertschy in Senators zone.
4:33 of 3rd period - Snap shot by Rourke Chartier.
4:33 of 3rd period - Shot Blocked by Zac Leslie.
4:35 of 3rd period - Snap shot by Joachim Blichfeld.
4:35 of 3rd period - Deflect By Pierre Engvall.
4:35 of 3rd period - Shot Blocked by Jesse Graham.
4:35 of 3rd period - Puck is out of play.
4:36 of 3rd period - Christoph Bertschy wins face-off versus Pierre Engvall in Senators zone.
4:46 of 3rd period - Icing by Frederic Allard.
4:47 of 3rd period - Rourke Chartier wins face-off versus Radek Faksa in Thunderbirds zone.
5:04 of 3rd period - Snap shot by Rourke Chartier.
5:04 of 3rd period - Stopped by David Rittich without a rebound.
5:05 of 3rd period - Christoph Bertschy wins face-off versus Anthony Richard in Senators zone.
5:55 of 3rd period - Snap shot by Emil Bemstrom.
5:55 of 3rd period - Stopped by David Rittich with a rebound.
5:57 of 3rd period - Slapshot by Emil Bemstrom.
5:57 of 3rd period - Deflect By Paul Cotter.
5:57 of 3rd period - Shot Misses the Net.
5:57 of 3rd period - Puck is out of play.
5:58 of 3rd period - Logan O'Connor wins face-off versus Anthony Richard in Senators zone.
6:47 of 3rd period - Paul Cotter is hit by C.J Suess and loses puck.
7:14 of 3rd period - Slapshot by Martin Fehervary.
7:14 of 3rd period - Shot Misses the Net.
7:36 of 3rd period - Wrist shot by Dylan Sikura.
7:36 of 3rd period - Shot Misses the Net.
7:38 of 3rd period - Slapshot by Henri Jokiharju.
7:38 of 3rd period - Stopped by David Rittich without a rebound.
7:39 of 3rd period - Rourke Chartier wins face-off versus Christoph Bertschy in Senators zone.
7:44 of 3rd period - Snap shot by Joachim Blichfeld.
7:44 of 3rd period - Stopped by David Rittich with a rebound.
7:54 of 3rd period - Slapshot by Joachim Blichfeld.
7:54 of 3rd period - Shot Misses the Net.
8:12 of 3rd period - Slapshot by Dylan Blujus.
8:12 of 3rd period - Deflect By Radek Faksa.
8:12 of 3rd period - Stopped by David Rittich without a rebound.
8:13 of 3rd period - Anthony Richard wins face-off versus Radek Faksa in Senators zone.
8:40 of 3rd period - Michael Rasmussen is hit by Logan O'Connor and loses puck.
8:59 of 3rd period - Minor Penalty to Dylan Sikura for Tripping.
9:00 of 3rd period - Trent Frederic wins face-off versus Radek Faksa in Thunderbirds zone.
10:04 of 3rd period - Dylan Blujus is hit by C.J Suess and loses puck.
10:59 of 3rd period - Penalty to Dylan Sikura is over, Dylan Sikura is back on ice.
11:12 of 3rd period - Dylan Sikura is hit by Vitaly Abramov and loses puck.
12:06 of 3rd period - Bryce Kindopp is hit by Joachim Blichfeld and loses puck.
13:36 of 3rd period - Anthony Richard is hit by Zac Leslie and loses puck.
13:45 of 3rd period - Minor Penalty to Christoph Bertschy for Unsportsmanlike conduct.
13:46 of 3rd period - Rourke Chartier wins face-off versus Radek Faksa in Senators zone.
13:53 of 3rd period - Slapshot by Zac Leslie.
13:53 of 3rd period - Shot Misses the Net.
14:03 of 3rd period - Wrist shot by Rourke Chartier.
14:03 of 3rd period - Stopped by David Rittich with a rebound.
15:45 of 3rd period - Penalty to Christoph Bertschy is over, Christoph Bertschy is back on ice.
16:48 of 3rd period - Sami Niku is hit by Arttu Ruotsalainen and loses puck.
16:55 of 3rd period - Wrist shot by Logan O'Connor.
16:55 of 3rd period - Stopped by Emil Larmi without a rebound.
16:56 of 3rd period - Trent Frederic wins face-off versus Arttu Ruotsalainen in Thunderbirds zone.
17:26 of 3rd period - Icing by Pierre Engvall.
17:27 of 3rd period - Rourke Chartier wins face-off versus Radek Faksa in Thunderbirds zone.
17:39 of 3rd period - Off-side.
17:40 of 3rd period - Trent Frederic wins face-off versus Logan O'Connor in neutral zone.
18:06 of 3rd period - Kiefer Sherwood is hit by Rourke Chartier and loses puck.
18:13 of 3rd period - Slapshot by Joachim Blichfeld.
18:13 of 3rd period - Goal by Joachim Blichfeld - Thunderbirds : 5 - Senators : 6.
18:14 of 3rd period - Trent Frederic wins face-off versus Arttu Ruotsalainen in neutral zone.
19:03 of 3rd period - Thunderbirds, Emil Larmi is pulled from the net.
19:18 of 3rd period - Snap shot by Rourke Chartier.
19:18 of 3rd period - Stopped by David Rittich with a rebound.
19:20 of 3rd period - Snap shot by Sami Niku.
19:20 of 3rd period - Stopped by David Rittich without a rebound.
19:21 of 3rd period - Teemu Selanne call a timeout for Thunderbirds.
19:21 of 3rd period - Radek Faksa wins face-off versus Rourke Chartier in Senators zone.
19:30 of 3rd period - Wrist shot by Radek Faksa.
19:30 of 3rd period - Shot Blocked by Sami Niku.
Goals for this period are 1 for Thunderbirds vs 1 for Senators.
Shots for this period are 9 for Thunderbirds vs 4 for Senators.
Output by the SimonT Hockey Simulator (STHS) for Francois Prevost